 Dungeon Crawl Stone Soup version 0.31-a0-826-ga5cc291a1b (webtiles) character file.

Game seed: 14246021172142102468

1199 qw the Skirmisher (level 8, -7/49 HPs)
             Began as a Gargoyle Hunter on Sept 23, 2023.
             Was an Initiate of Okawaru.
             Mangled by a gnoll sergeant
             ... wielding a +0 heavy trident
              (18 damage)
             ... on level 5 of the Dungeon.
             The game lasted 00:01:52 (3679 turns).

qw the Skirmisher (Gargoyle Hunter)                 Turns: 3679, Time: 00:01:53

Health: -7/49      AC:  8    Str: 14    XL:     8   Next: 44%
Magic:  8/8        EV: 13    Int: 14    God:    Okawaru [......]
Gold:   182        SH:  0    Dex: 17    Spells: 7/7 levels left

rFire   . . .        Y - +3 shortbow
rCold   . . .        (shield currently unavailable)
rNeg    + . .        j - +1 robe "Dowim" {Will+ Int+3}
rPois   inf          (helmet restricted)
rElec   +            (no cloak)
rCorr   .            (no gloves)
SInv    .            (no boots)
Will    +....        g - amulet of faith
Stlth   +++          (no ring)
HPRegen 0.28/turn    (no ring)
MPRegen 0.11/turn

%: faith
@: about to teleport
A: sickness immunity, AC +5, negative energy resistance 1, electricity
resistance, torment resistance 1, petrification resistance, horns 1, thin
skeletal structure 1, no potion heal 1
a: Renounce Religion


You were on level 5 of the Dungeon.
You worshipped Okawaru.
Okawaru was noncommittal.
You visited 2 branches of the dungeon, and saw 7 of its levels.

You collected 182 gold pieces.


Innate Abilities, Weirdness & Mutations

You are immune to sickness and miasma.
Your stone body is resilient. (AC +5)
You are immune to poison.
You resist negative energy. (rN+)
You are resistant to electric shocks. (rElec)
You are resistant to unholy torment.
You are immune to petrification.
You have a pair of small horns on your head.
You have a somewhat thin skeletal structure. (Dex +2, Stealth+)
Potions are less effective at restoring your health.


   Skills:
 + Level 5.0 Fighting
 - Level 9.0 Ranged Weapons
 - Level 1.0 Armour
 - Level 3.4 Dodging
 - Level 1.1 Stealth


You had 7 spell levels left.
You didn't know any spells.
Your spell library was empty.

Inventory:

Hand Weapons
 Y - a +3 shortbow (weapon)
Armour
 d - a +0 ring mail
 j - the +1 robe "Dowim" (worn) {Will+ Int+3}
   (You found it on level 2 of the Dungeon)

   Int+3:     It affects your intelligence (+3).
   Will+:     It increases your willpower.
 q - a +2 helmet
Jewellery
 b - a ring of ice
 g - an amulet of faith (around neck)
 i - an amulet of the acrobat
Scrolls
 c - 3 scrolls of teleportation
 f - 2 scrolls of identify
 l - a scroll of immolation {unknown}
Potions
 a - 2 potions of might
 e - a potion of curing
 h - a potion of cancellation
 k - a potion of attraction {unknown}
 m - a potion of haste {unknown}
 n - a potion of brilliance {unknown}
 p - a potion of degeneration {unknown}

Dungeon Overview and Level Annotations

Branches:
Dungeon (6/15)             Temple (1/1) D:4

Altars:
Ashenzari
Cheibriados
Dithmenos
Elyvilon
Fedhas
Gozag
Hepliaklqana
Kikubaaqudgha
Makhleb
Nemelex Xobeh
Okawaru
Ru
Sif Muna
Trog
Uskayaw
Wu Jian
Xom
Zin
The Shining One

Shops:
D:5 :

Annotations:
D:3 2 transporters, qw's ghost, amateur GrHu
D:5 exclusion: 2 gnoll boudas


Message History

The gnoll is almost dead.
The orc hits you with a +0 hand axe.
The gnoll sergeant completely misses you.
The orc priest hits you with a +0 mace.
You shoot an arrow. The arrow hits the gnoll.
You kill the gnoll!
Okawaru accepts your kill.
The gnoll throws a throwing net.
The throwing net closely misses you.
The throwing net closely misses the orc.
The orc hits you with a +0 hand axe. The orc priest misses you.
You shoot an arrow. The arrow hits the gnoll!
The gnoll is almost dead.
The gnoll sergeant barely misses you. The gnoll barely misses you.
You shoot an arrow. The arrow closely misses the gnoll.
The arrow hits the gnoll.
The gnoll is moderately wounded.
The orc priest hits you but does no damage.
The orc barely misses you. The gnoll closely misses you.
You shoot an arrow. The arrow barely misses the gnoll.
The arrow hits the gnoll.
The gnoll is heavily wounded.
The gnoll sergeant barely misses you. The orc hits you with a +0 hand axe.
The orc priest closely misses you. The gnoll barely misses you.
You shoot an arrow. The arrow hits the gnoll!
You kill the gnoll!
Okawaru accepts your kill. The orc priest closely misses you.
The orc hits you but does no damage. The gnoll sergeant barely misses you.
3678 |||
Found retreat position at 1,0 (gnoll; floor) with 0 blocking monsters and 3 monsters attacking at destination at distance 1 You shoot an arrow.
The arrow hits the gnoll!
You kill the gnoll!
Okawaru accepts your kill.
The orc priest mumbles some strange prayers to Beogh against you.
Beogh smites you! The orc hits you but does no damage.
Your Ranged Weapons skill increases to level 9!
3679 |||
Found retreat position at 1,0 (gnoll; floor) with 0 blocking monsters and 2 monsters attacking at destination at distance 1
3679 ||| READING 4 scrolls of teleportation.
As you read the scroll of teleportation, it crumbles to dust.
You feel strangely unstable.
The gnoll sergeant hits you from afar with a +0 heavy trident!!
You die...

.. #............. #...
#.....#....... ####...
##...<##......# #..<.).#
#............##
........##(......###...#
..(........(.##.......##
....).g..ggg............
..<...o###...###......##
......o@g.....##.....###
###....##...>....#..##..
#......#........#..##.\
######......##..#..##..
#####..###.....### #####
#....##..#...## ##
#...###...###..#.....
#..#...#......##......##
#.?#._.'.......#.......#


You could see a gnoll sergeant, an orc priest, a gnoll and an orc.

Vanquished Creatures
  Grinder (D:4)
  Sigmund (D:4)
  Menkaure (D:4)
  A water moccasin (D:5)
  Blork the orc (D:4)
  4 hounds (D:5)
  A jelly (D:2)
  An orc priest (D:3)
  2 orc wizards
  Natasha (twice) (D:4)
  Robin (D:3)
  9 gnolls (D:5)
  3 adders
  4 worms
  10 orcs
  16 endoplasms
  2 giant cockroaches
  17 goblins
  5 hobgoblins
  7 jackals
  5 quokkas
  12 ball pythons
  11 bats
  2 frilled lizards
  13 kobolds
  5 rats
137 creatures vanquished.

Notes
Turn   | Place    | Note
-------+----------+-------------------------------------------
     0 | D:1      | qw the Gargoyle Hunter began the quest for the Orb.
     0 | D:1      | Reached XP level 1. HP: 12/12 MP: 1/1
     0 | D:1      | 0 ||| qw: Version: 0.3-a-83-gcd0e7d8
     0 | D:1      | 0 ||| qw: Game counter: 1874
     0 | D:1      | 0 ||| qw: Melee chars always use a shield: true
     0 | D:1      | 0 ||| qw: God list: Okawaru
     0 | D:1      | 0 ||| qw: Allow faded altars: false
     0 | D:1      | 0 ||| qw: Do Orc after clearing Dungeon:15 true
     0 | D:1      | 0 ||| qw: Do second Lair branch before Depths: true
     0 | D:1      | 0 ||| qw: Lair rune preference: random
     0 | D:1      | 0 ||| qw: Goals: Normal
     0 | D:1      | 0 ||| PLANNING D:1-11
    47 | D:1      | Reached XP level 2. HP: 12/17 MP: 2/2
   386 | D:1      | Found a snail-covered altar of Cheibriados.
   454 | D:1      | Reached XP level 3. HP: 21/21 MP: 3/3
   744 | D:1      | Found a faded altar of an unknown god.
   745 | D:1      | 745 ||| UPGRADING to +0 ring mail.
   755 | D:1      | 755 ||| DROPPING +0 leather armour.
   756 | D:1      | 756 ||| UPGRADING to amulet of faith.
   761 | D:1      | 761 ||| READING scroll labelled RIUSTR MAOHEME.
   762 | D:1      | 762 ||| DROPPING scroll of butterflies.
   915 | D:2      | Reached skill level 1 in Armour
   965 | D:2      | Reached skill level 5 in Ranged Weapons
   974 | D:2      | HP: 4/21 [frozen (2)]
  1288 | D:2      | Identified the +1 robe "Dowim" {Will+ Int+3}
  1350 | D:2      | Reached XP level 4. HP: 17/27 MP: 4/4
  1352 | D:2      | Reached skill level 3 in Fighting
  1555 | D:2      | 1555 ||| UPGRADING to +1 robe "Dowim" {Will+ Int+3}.
  1565 | D:2      | 1565 ||| READING scroll labelled GIUTEA ECU CEA.
  1566 | D:2      | 1566 ||| READING 2 scrolls labelled LEGOMP UNNUL.
  1569 | D:2      | 1569 ||| READING 2 scrolls labelled NEMEUN YWUTEN.
  1570 | D:2      | 1570 ||| READING scroll labelled JYWOTZ VOTUTEG.
  1571 | D:2      | 1571 ||| DRINKING 3 viscous ruby potions.
  1572 | D:2      | 1572 ||| DRINKING 2 glowing brown potions.
  1595 | D:3      | Reached XP level 5. HP: 32/32 MP: 5/5
  1609 | D:3      | Reached skill level 6 in Ranged Weapons
  1676 | D:3      | Found a transporter.
  1688 | D:3      | Noticed qw's ghost (amateur GrHu)
  1793 | D:3      | Noticed Robin
  1807 | D:3      | Killed Robin
  1870 | D:3      | Found a glowing golden altar of the Shining One.
  1987 | D:3      | Found a transporter.
  2021 | D:3      | Reached XP level 6. HP: 38/38 MP: 6/6
  2041 | D:3      | You fall into a shaft and drop 3 floors!
  2042 | D:6      | 2042 ||| UPGRADING to +0 helmet.
  2047 | D:6      | 2047 ||| READING 3 scrolls labelled SUP ZESTROSAU.
  2048 | D:6      | 2048 ||| READING 2 scrolls of enchant weapon.
  2048 | D:6      | 2048 ||| ENCHANTING +1 shortbow.
  2049 | D:6      | 2049 ||| READING scroll of enchant weapon.
  2049 | D:6      | 2049 ||| ENCHANTING +2 shortbow.
  2053 | D:6      | 2053 ||| FLEEEEING.
  2057 | D:6      | 2057 ||| STAIRDANCE
  2058 | D:5      | Entered Level 5 of the Dungeon
  2133 | D:5      | Found a glowing silver altar of Zin.
  2240 | D:4      | Found a white marble altar of Elyvilon.
  2344 | D:4      | Noticed Sigmund
  2361 | D:4      | Killed Sigmund
  2362 | D:4      | Reached skill level 7 in Ranged Weapons
  2362 | D:4      | Reached XP level 7. HP: 18/43 MP: 0/7
  2493 | D:4      | Noticed Natasha
  2494 | D:4      | Noticed Grinder
  2495 | D:4      | 2495 ||| RETREEAATING.
  2499 | D:4      | 2499 ||| Stepping ~*~*~tactically~*~*~ (retreating).
  2500 | D:4      | 2500 ||| Stepping ~*~*~tactically~*~*~ (retreating).
  2501 | D:4      | 2501 ||| STILL RETREEAATING.
  2502 | D:4      | Killed Natasha
  2510 | D:4      | Killed Grinder
  2511 | D:4      | Reached skill level 3 in Dodging
  2582 | D:4      | 2582 ||| DROPPING amulet of guardian spirit.
  2583 | D:4      | 2583 ||| DRINKING 2 cyan potions.
  2583 | D:4      | Gained mutation: You have hidden genetic defects. [potion
                  | of mutation]
  2583 | D:4      | Gained mutation: Your spells are a little harder to cast,
                  | but a little more powerful. [potion of mutation]
  2605 | D:3      | Found an opulent altar of Gozag.
  3022 | D:4      | Noticed Menkaure
  3025 | D:4      | Killed Menkaure
  3026 | D:4      | Reached skill level 8 in Ranged Weapons
  3032 | D:4      | Gained mutation: You have terrible hidden genetic defects.
                  | [hidden defects]
  3081 | D:4      | Noticed Blork the orc
  3087 | D:4      | Killed Blork the orc
  3088 | D:4      | Reached XP level 8. HP: 42/48 MP: 8/8
  3183 | D:4      | Found a staircase to the Ecumenical Temple.
  3184 | D:4      | 3184 ||| PLANNING TEMPLE
  3184 | D:4      | 3184 ||| UPGRADING to +2 helmet.
  3194 | D:4      | 3194 ||| DROPPING +0 helmet.
  3195 | D:4      | 3195 ||| READING scroll labelled VOOMODU GO CIZITE.
  3196 | D:4      | 3196 ||| DRINKING 2 glowing silvery potions.
  3201 | D:4      | Noticed Natasha
  3205 | D:4      | 3205 ||| FLEEEEING.
  3207 | D:4      | Killed Natasha
  3243 | Temple   | Entered the Ecumenical Temple
  3244 | Temple   | 3244 ||| PLANNING OKAWARU WORSHIP
  3254 | Temple   | Became a worshipper of Warmaster Okawaru
  3255 | Temple   | 3255 ||| PLANNING D:1-11
  3500 | D:5      | Gained mutation: Potions are less effective at restoring
                  | your health. [hidden defects]
  3500 | D:5      | Lost mutation: You have terrible hidden genetic defects.
                  | [hidden defects expressed]
  3523 | D:5      | 3523 ||| DRINKING potion of mutation.
  3523 | D:5      | Lost mutation: Your spells are a little harder to cast, but
                  | a little more powerful. [potion of mutation]
  3523 | D:5      | Lost mutation: You have hidden genetic defects. [potion of
                  | mutation]
  3523 | D:5      | Gained mutation: You have a pair of small horns on your
                  | head. [potion of mutation]
  3523 | D:5      | Gained mutation: You have a somewhat thin skeletal
                  | structure. (Dex +2, Stealth+) [potion of mutation]
  3539 | D:5      | Found Oriavep's Book Boutique.
  3627 | D:5      | 3627 ||| RETREEAATING.
  3628 | D:5      | 3628 ||| STILL RETREEAATING.
  3629 | D:5      | 3629 ||| Stepping ~*~*~tactically~*~*~ (retreating).
  3630 | D:5      | 3630 ||| Stepping ~*~*~tactically~*~*~ (retreating).
  3631 | D:5      | 3631 ||| Stepping ~*~*~tactically~*~*~ (retreating).
  3632 | D:5      | 3632 ||| Stepping ~*~*~tactically~*~*~ (retreating).
  3633 | D:5      | 3633 ||| Stepping ~*~*~tactically~*~*~ (retreating).
  3634 | D:5      | 3634 ||| Stepping ~*~*~tactically~*~*~ (retreating).
  3635 | D:5      | 3635 ||| Stepping ~*~*~tactically~*~*~ (retreating).
  3636 | D:5      | 3636 ||| Stepping ~*~*~tactically~*~*~ (retreating).
  3649 | D:5      | 3649 ||| FLEEEEING.
  3650 | D:5      | 3650 ||| FLEEEEING.
  3651 | D:5      | 3651 ||| FLEEEEING.
  3652 | D:5      | 3652 ||| Stepping ~*~*~tactically~*~*~ (retreating).
  3653 | D:5      | 3653 ||| Stepping ~*~*~tactically~*~*~ (retreating).
  3654 | D:5      | 3654 ||| Stepping ~*~*~tactically~*~*~ (retreating).
  3655 | D:5      | 3655 ||| Stepping ~*~*~tactically~*~*~ (retreating).
  3656 | D:5      | 3656 ||| RETREEAATING.
  3659 | D:5      | 3659 ||| Stepping ~*~*~tactically~*~*~ (retreating).
  3662 | D:5      | 3662 ||| Stepping ~*~*~tactically~*~*~ (retreating).
  3663 | D:5      | 3663 ||| Stepping ~*~*~tactically~*~*~ (retreating).
  3664 | D:5      | 3664 ||| Stepping ~*~*~tactically~*~*~ (retreating).
  3665 | D:5      | 3665 ||| Stepping ~*~*~tactically~*~*~ (retreating).
  3666 | D:5      | 3666 ||| Stepping ~*~*~tactically~*~*~ (retreating).
  3667 | D:5      | 3667 ||| Stepping ~*~*~tactically~*~*~ (retreating).
  3678 | D:5      | HP: 11/49 [orc priest/divine providence (10)]
  3679 | D:5      | Reached skill level 9 in Ranged Weapons
  3679 | D:5      | 3679 ||| READING 4 scrolls of teleportation.
  3679 | D:5      | Mangled by a gnoll sergeant

Levels and vault maps discovered:
D:1:      shiori_arrival_elements, layout_basic,
          shapermc_ecumenical_altar_mp_urbaneastern, minmay_hexomino_r4
D:2:      cheibrodos_fertilizer, layout_rooms, grunt_ministairs_6
D:3:      layout_loops_ring, grunt_gozag_breadcrumbs, general_overflow_altar,
          gammafunk_ghost_arena, uniq_robin
D:4:      layout_loops_ring, elyvilon_altar_4, minmay_temple_entry_large_hall,
          minmay_misc_feat_tower, uniq_sigmund, uniq_menkaure,
          uniq_blork_the_orc, uniq_natasha, uniq_grinder
D:5:      layout_cave_pools, zin_scriptorium, mainiacjoe_overflow_chevrons,
          serial_gnoll_camp, gnoll_camp_mini_shop, gnoll_camp_medium_01,
          gnoll_camp_mini_hut, gnoll_camp_mini_hut, gnoll_camp_mini_hut,
          gnoll_camp_huts_basic
D:6:      layout_rooms, minivault_27, kennysheep_generic_room_4
Temple:   nicolae_temple_ecumenical_triangle

Skill      XL: |  1  2  3  4  5  6  7  8 |
---------------+-------------------------+-----
Armour         | 1 |  1.0
Ranged Weapons | 5 6 7 8 9 |  9.0
Fighting       | 3 4 5 |  5.0
Dodging        | 3 |  3.4
Stealth        | |  1.1

Action                     |  1- 3 |  4- 6 |  7- 9 || total
---------------------------+-------+-------+-------++-------
   Fire: Shortbow          |   156 |   170 |   110 ||   436
    Use: Scroll            |     1 |     7 |     2 ||    10
         Potion            |       |     2 |     3 ||     5
 Armour: Leather armour    |    39 |       |       ||    39
         Ring mail         |    42 |     9 |       ||    51
         Robe              |       |    38 |    47 ||    85
  Dodge: Dodged            |    71 |    46 |    62 ||   179

Table legend:
 A = Non-vault XP
 B = Vault XP
 C = Vault XP percentage of total XP
 D = Non-vault monster count
 E = Vault monster count
 F = Vault count percentage of total count
                 A         B        C        D         E       F
            +---------+---------+-------+---------+---------+-------
      Total |     572 |    1142 |  66.6 |      86 |      51 |  37.2
            +---------+---------+-------+---------+---------+-------
        D:1 |      32 |       4 |  11.1 |      22 |       4 |  15.4
        D:2 |      30 |      81 |  73.0 |      17 |      22 |  56.4
        D:3 |     146 |      30 |  17.0 |      24 |       8 |  25.0
        D:4 |     109 |     812 |  88.2 |      15 |       6 |  28.6
        D:5 |     255 |     215 |  45.7 |       8 |      11 |  57.9
            +---------+---------+-------+---------+---------+-------
